 Dungeon Crawl Stone Soup version 0.20-b1-2-gc5a9893 (webtiles) character file.

1 Gorglomux the Sneak (level 1, 0/11 HPs)
             Began as a Vine Stalker Assassin on May 21, 2017.
             Slain by a bat (1 damage)
             ... on level 1 of the Dungeon.
             The game lasted 00:00:29 (66 turns).

Gorglomux the Sneak (Vine Stalker Assassin)           Turns: 66, Time: 00:00:30

Health: 0/11       AC:  3    Str: 13    XL:     1   Next: 20%
Magic:  0/2        EV: 11    Int: 11    God:
Gold:   11         SH:  0    Dex: 15    Spells: 0/0 levels left

rFire    . . .     SeeInvis .   a - +2 dagger
rCold    . . .     Gourm    .   (no shield)
rNeg     . . .     Faith    .   c - +0 robe
rPois    .         Spirit   +   (no helmet)
rElec    .         Reflect  .   d - +0 cloak
rCorr    .         Harm     .   (no gloves)
MR       .....                  (no boots)
Stlth    +++.......             (no amulet)
Regen    0.1/turn               (no ring)
MPRegen  0.1/turn               (no ring)

@: no status effects
A: fangs 2, magic shield, antimagic bite, no potion heal 3, rot immunity
a: no special abilities


You were on level 1 of the Dungeon.
You were not hungry.

You visited 1 branch of the dungeon, and saw 1 of its levels.

You collected 11 gold pieces.

Inventory:

Hand Weapons
 a - a +2 dagger (weapon)
 b - a +0 blowgun
Missiles
 e - 8 poisoned needles
 f - 2 curare-tipped needles
Armour
 c - a +0 robe (worn)
 d - a +0 cloak (worn)
Comestibles
 g - a bread ration {@e1}


   Skills:
 + Level 1.7 Fighting
 * Level 1.8 Short Blades
 - Level 1.7 Throwing
 + Level 0.1 Armour
 + Level 0.7 Dodging
 + Level 4.8 Stealth


You couldn't memorise any spells.
You didn't know any spells.

Dungeon Overview and Level Annotations

Branches:
Dungeon (1/15)

Altars:


Innate Abilities, Weirdness & Mutations

You have extremely sharp teeth.
When hurt, damage is shared between your health and your magic reserves.
Your bite disrupts and absorbs the magic of your enemies.
Potions cannot restore your health.
You are immune to rotting.


Message History

Warning: Cannot find file "HDamage.rc". (~/.crawlrc:9698) Warning: Cannot find file "HDAForceMore.rc". (~/.crawlrc:9701) Warning: Cannot find file "HDAColors.rc". (~/.crawlrc:9704) Warning: Cannot find file "HDAtravel.rc". (~/.crawlrc:9707) Welcome, Gorglomux the Vine Stalker Assassin.
It is said that the Orb of Zot exists deep within this dungeon.
Found 11 gold pieces.
Found a staircase leading out of the dungeon.
Sorry, you're not good enough to have a special ability.
That item cannot be evoked!
There is a fountain of clear blue water here.
You now have 11 gold pieces.
A kobold comes into view. It is wielding a whip.
A kobold is nearby!
The helpless kobold fails to defend itself.
You impale the kobold!!
You kill the kobold!
A goblin and a hobgoblin come into view.
The hobgoblin shouts!
A kobold comes into view.
It is wielding an enchanted short sword.
You barely miss the hobgoblin.
The kobold shouts!
You bite the hobgoblin, but do no damage.
The hobgoblin barely misses you.
You hit the hobgoblin. Your bite misses the hobgoblin.
You barely miss the hobgoblin. The hobgoblin hits you with a club.
You are too injured to fight recklessly!
You are too injured to fight recklessly!
A bat comes into view.
The bat barely misses you. The bat barely misses you.
You see here a whip.
The bat closely misses you. The bat hits you.
You barely miss the bat. Your bite misses the bat. The bat closely misses you.
You hit the goblin. The goblin hits you but does no damage.
You closely miss the goblin. The goblin hits you with a club.
* * * LOW HITPOINT WARNING * * *
You closely miss the goblin. The goblin hits you with a club.
* * * LOW HITPOINT WARNING * * *
The bat completely misses you. The bat hits you but does no damage.
The bat hits you but does no damage. The bat hits you.
* * * LOW HITPOINT WARNING * * *
The bat hits you but does no damage.
Found an escape hatch in the floor.
The bat hits you but does no damage. The bat hits you but does no damage.
The bat closely misses you. The bat hits you.
The bat hits you but does no damage.
Found a stone staircase leading down.
The bat closely misses you. The bat misses you.
The bat hits you but does no damage. The bat misses you. The bat hits you.
You die...

#.#.....#
#######.#.....##
#...............
#............>########
#$.............!......
#..........##..####...
#.>....K..............
#....@b..g......# #...
##.#########....###...
#..........
#..........
#####..##...
..........#..
######.....#.
#......## #.....###


You could see a goblin, a bat and a kobold.

Vanquished Creatures
  A kobold (D:1)
1 creature vanquished.

Notes
Turn   | Place    | Note
-------+----------+-------------------------------------------
     0 | D:1      | Gorglomux the Vine Stalker Assassin began the quest for the Orb.
     0 | D:1      | Reached XP level 1. HP: 11/11 MP: 2/2
    45 | D:1      | HP: 2/11 [goblin/club (1)]
    55 | D:1      | HP: 1/11 [bat (1)]
    66 | D:1      | Slain by a bat

Action                   || total
-------------------------++-------
Melee: Dagger            ||     8
       Bite              ||     1
 Stab: Sleeping          ||     1
Armor: Robe              ||     8
Dodge: Dodged            ||    10

Vault maps used:
D:1:      scummos_arrival_forest, minmay_misc_feat_chi,
          hangedman_decor_opposing, minmay_heptomino_l4

Table legend:
 A = Turns spent in this place as a percentage of turns spent in the entire game.
 B = Non-inter-level travel turns spent in this place as a percentage of non-inter-level travel turns spent in the entire game.
 C = Inter-level travel turns spent in this place as a percentage of turns spent in this place.
 D = Turns resting spent in this place as a percentage of non-inter-level travel turns spent in this place.
 E = Turns spent auto-exploring this place as a percentage of non-inter-level travel turns spent in this place.
 F = Non-inter-level travel turns spent in this place divided by the number of levels of this place that you've seen.
                   A       B       C       D       E      F
               +-------+-------+-------+-------+-------+----------------------
         Total | 100.0 | 100.0 |   0.0 |   0.0 |   3.7 |  54.0
       Dungeon | 100.0 | 100.0 |   0.0 |   0.0 |   3.7 |  54.0
               +-------+-------+-------+-------+-------+----------------------

Table legend:
 A = Kills in this place as a percentage of kills in entire the game.
 B = Kills by you in this place as a percentage of kills by you in the entire game.
 C = Kills by friends in this place as a percentage of kills by friends in the entire game.
 D = Other kills in this place as a percentage of other kills in the entire game.
 E = Experience gained in this place as a percentage of experience gained in the entire game.
 F = Experience gained in this place divided by the number of levels of this place that you have seen.
                   A       B       C       D       E      F
               +-------+-------+-------+-------+-------+----------------------
         Total | 100.0 | 100.0 |  -nan |  -nan | 100.0 |   2.0
       Dungeon | 100.0 | 100.0 |  -nan |  -nan | 100.0 |   2.0
               +-------+-------+-------+-------+-------+----------------------
